 Dungeon Crawl Stone Soup version 0.19-a0-139-gefc6d61 (webtiles) character file.

471 Kidiri the Firebug (level 6, -2/39 HPs)
             Began as a High Elf Fire Elementalist on May 17, 2016.
             Killed by divine providence
             ... invoked by an orc priest
              (11 damage)
             ... on level 4 of the Dungeon.
             The game lasted 00:13:17 (4809 turns).

Kidiri the Firebug (High Elf Fire Elementalist)     Turns: 4809, Time: 00:13:18

Health: -2/39      AC:  3    Str:  7    XL:     6   Next: 83%
Magic:  2/13       EV: 14    Int: 21    God:
Gold:   150        SH:  0    Dex: 16    Spells: 5 memorised, 0 levels left

rFire  . . .     SeeInvis .     g - +2 dagger (elec)
rCold  . . .     Gourm    .     a - +1 robe
rNeg   . . .     Faith    .     (no shield)
rPois  .         Spirit   .     (no helmet)
rElec  .         Dismiss  .     (no cloak)
rCorr  +         Reflect  .     (no gloves)
SustAt .         Harm     .     (no boots)
MR     .....                    (no amulet)
Stlth  ++........               (no ring)
                                k - ring of resist corrosion

@: not resistant to hostile enchantments, unstealthy
A: no striking features
a: no special abilities


You were on level 4 of the Dungeon.
You were not hungry.

You visited 1 branch of the dungeon, and saw 4 of its levels.

You collected 150 gold pieces.

Inventory:

Hand Weapons
 g - a +2 dagger of electrocution (weapon)
Armour
 a - a +1 robe (worn)
 e - a +0 ring mail
 o - a +0 leather armour
 q - a +0 scale mail
Jewellery
 k - a ring of resist corrosion (left hand)
Wands
 m - a wand of digging (1/24)
 s - a wand of digging (17/24)
Scrolls
 p - 2 scrolls of blinking
 t - a scroll of random uselessness {unknown}
 u - a scroll of teleportation
Potions
 f - 3 potions of lignification
 h - a potion of resistance
 j - 2 potions of heal wounds {unknown}
 l - a potion of brilliance {unknown}
 r - a potion of agility {unknown}
Books
 b - a book of Flames

   Spells                             Type                      Level
   a - Flame Tongue                   Conjuration/Fire             1
   b - Throw Flame                    Conjuration/Fire             2
   c - Conjure Flame                  Conjuration/Fire             3
   d - Inner Flame                    Hexes/Fire                   3
   e - Sticky Flame                   Conjuration/Fire             4
   f - Fireball                       Conjuration/Fire             5
 n - a book of Enchantments

   Spells                             Type                      Level
   a - Cause Fear                     Hexes                        4
   b - Yara's Violent Unravelling     Hexes/Transmutation          5
   c - Silence                        Hexes/Air                    5
   d - Deflect Missiles               Charms/Air                   6
   e - Haste                          Charms                       6
   f - Discord                        Hexes                        8
Comestibles
 c - 5 bread rations
 d - 2 beef jerkies
 i - 5 meat rations
 v - 3 fruits
 w - a chunk of flesh


   Skills:
 + Level 2.2 Fighting
 + Level 2.0 Armour
 * Level 4.2 Dodging
 - Level 2.1 Stealth
 * Level 4.0 Spellcasting
 + Level 2.1 Conjurations
 + Level 1.5 Hexes
 * Level 4.3 Fire Magic


You couldn't memorise any spells.
You knew the following spells:

 Your Spells              Type           Power        Failure   Level  Hunger
a - Flame Tongue          Conj/Fire      ###..        3%          1    None
b - Throw Flame           Conj/Fire      ###...       6%          2    #......
c - Conjure Flame         Conj/Fire      ###.....     12%         3    ###....
d - Inner Flame           Hex/Fire       ###.....     14%         3    ###....
e - Sticky Flame          Conj/Fire      ###.....     34%         4    ####...


Dungeon Overview and Level Annotations

Branches:
Dungeon (4/15)
 Temple: D:4-7

Altars:
Ashenzari
Cheibriados
Kikubaaqudgha
Pakellas


Message History

Aim: an orc, wielding a club and wearing a leather armour (moderately wounded)
The flame tongue hits the orc.
The orc is almost dead.
Casting: Flame Tongue
Confirm with . or Enter, or press ? or * to list all spells.
Aiming: Flame Tongue
Press: ? - help, Shift-Dir - straight line, f/p - orc
Aim: an orc, wielding a club and wearing a leather armour (almost dead)
The flame tongue hits the orc.
You kill the orc!
Casting: Flame Tongue
Confirm with . or Enter, or press ? or * to list all spells.
Aiming: Flame Tongue
Press: ? - help, Shift-Dir - straight line, f - orc
Aim: an orc, wielding a war axe and wearing a leather armour The flame tongue hits the orc.
You kill the orc!
The orc priest invokes the aid of Beogh against you.
Beogh smites you!
You die...

#.# ### ###..... ...
.. .......# #.# ..
.#'##.###.# .#
#...#..##.#####.###
#...#(....#.......# ##
#)§§#.##..#.......#
#⌠.##§##.⌠#..#.......#
#...§@§%..#...........
##%......###.#.......#
#.......#...#.......#
+..._...'...#.......#
#.......#........####
#.o......#...........
#.........#.......####
#⌠.##+##.⌠#..##.#.# ##
...#.#####.#


You could see an orc priest.

Vanquished Creatures
  An ice beast (D:4)
  A phantom (D:4)
  A giant frog skeleton (D:3)
  2 orc wizards (D:4)
  3 gnolls (D:3)
  8 adders
  A shadow imp (D:4)
  2 worms
  A dart slug (D:3)
  3 giant geckos
  10 orcs
  A ball python (D:2)
  A giant cockroach (D:3)
  6 hobgoblins
  9 jackals
  3 quokkas
  9 bats
  4 giant newts
  7 goblins
  10 kobolds
  9 rats
92 creatures vanquished.

Notes
Turn   | Place    | Note
--------------------------------------------------------------
     0 | D:1      | Kidiri the High Elf Fire Elementalist began the quest for the Orb.
     0 | D:1      | Reached XP level 1. HP: 11/11 MP: 4/4
   733 | D:1      | Reached XP level 2. HP: 9/17 MP: 1/6
   993 | D:1      | Learned a level 2 spell: Throw Flame
  1709 | D:2      | Reached XP level 3. HP: 21/22 MP: 0/8
  1717 | D:2      | Learned a level 3 spell: Inner Flame
  1809 | D:2      | Reached skill level 1 in Armour
  1869 | D:2      | Reached skill level 1 in Fighting
  2230 | D:2      | Reached XP level 4. HP: 25/28 MP: 3/9
  2331 | D:2      | Learned a level 3 spell: Conjure Flame
  2807 | D:3      | Found an oddly glowing altar of Pakellas.
  3012 | D:3      | Reached XP level 5. HP: 26/33 MP: 0/10
  3953 | D:4      | Noticed an ice beast
  3967 | D:4      | Killed an ice beast
  3967 | D:4      | Reached skill level 1 in Hexes
  3967 | D:4      | Reached XP level 6. HP: 30/39 MP: 2/12
  4217 | D:4      | Learned a level 4 spell: Sticky Flame
  4415 | D:4      | Found an ancient bone altar of Kikubaaqudgha.
  4417 | D:4      | Found a snail-covered altar of Cheibriados.
  4487 | D:4      | Found an oddly glowing altar of Pakellas.
  4786 | D:4      | Found a shattered altar of Ashenzari.
  4809 | D:4      | Killed from afar by an orc priest

Vault maps used:
D:1:      minmay_arrival_doors
D:2:      first_bread
D:3:      johnstein_pakellas_dig
D:4:      evilmike_ruin_ashenzari, minitemple,
          minmay_temple_entry_statues_pillars

Skill      XL: |  1  2  3  4  5  6 |
---------------+-------------------+-----
Spellcasting   | 3 4 |  4.0
Armour         | 1 2 |  2.0
Fighting       | 1 2 |  2.2
Dodging        | 3 4 |  4.2
Hexes          | 1 |  1.5
Fire Magic     | 4 |  4.3
Conjurations   | 2 |  2.1
Stealth        | |  2.1

Action                   |  1- 3 |  4- 6 || total
-------------------------+-------+-------++-------
Melee: Dagger            |    40 |    73 ||   113
       Club              |     1 |       ||     1
       Unarmed           |     1 |       ||     1
 Cast: Flame Tongue      |    42 |    75 ||   117
       Throw Flame       |     9 |    12 ||    21
       Conjure Flame     |       |     2 ||     2
       Inner Flame       |       |     2 ||     2
  Use: Scroll            |     1 |     5 ||     6
 Stab: Sleeping          |     3 |     3 ||     6
  Eat: Chunk             |     4 |     9 ||    13
Armor: Ring mail         |    23 |     7 ||    30
       Robe              |       |     6 ||     6
Dodge: Dodged            |    36 |    77 ||   113
